 Dungeon Crawl Stone Soup version 0.28.0-49-g6dfe1f597d (webtiles) character file.

Game seed: 15114227059539126882

168 Atelerd the Digger (level 5, -8/33 HPs)
             Began as an Octopode Earth Elementalist on May 14, 2022.
             Mangled by a gnoll
             ... wielding a +0 flail
              (9 damage)
             ... on level 3 of the Dungeon.
             The game lasted 00:02:13 (2772 turns).

Atelerd the Digger (Octopode Earth Elementalist)    Turns: 2772, Time: 00:02:14

Health: -8/33      AC:  1    Str:  7    XL:     5   Next: 48%
Magic:  10/10      EV: 14    Int: 19    God:
Gold:   94         SH:  0    Dex: 21    Spells: 6/11 levels left

rFire   . . .      SeeInvis .   i - +6 hand axe "Nanamm" {flame, *Rage rPois Dex+8}
rCold   . . .      Faith    .   (no shield)
rNeg    . . .      Spirit   .   (helmet restricted)
rPois   +          Reflect  .   (no amulet)
rElec   .          Harm     .   (no ring)
rCorr   .          Rampage  .   (no ring)
Will    .....      Rage     20% (no ring)
Stlth   ++++......              (no ring)
HPRegen 0.11/turn               (no ring)
MPRegen 0.12/turn               (no ring)
                                (no ring)
                                (no ring)

@: on berserk cooldown, slowed, very slow
A: almost no armour, amphibious, 8 rings, camouflage 1, gelatinous body 1,
(nimble swimmer 1), tentacles
a: no special abilities


You were on level 3 of the Dungeon.
You visited 1 branch of the dungeon, and saw 3 of its levels.

You collected 94 gold pieces.

Inventory:

Hand Weapons
 d - a +0 dagger
 i - the +6 hand axe "Nanamm" (weapon) {flame, *Rage rPois Dex+8}
   (You found it on level 2 of the Dungeon)

   It burns those it strikes, dealing additional fire damage.
   Big, fiery blades are also staple armaments of hydra-hunters.
   Dex:       It affects your dexterity (+8).
   rPois:     It protects you from poison.
   *Rage:     It berserks you when you make melee attacks (+20% chance).
Missiles
 b - 99 stones
Scrolls
 a - 2 scrolls of summoning {unknown}
 e - a scroll of enchant weapon {unknown}
 h - 2 scrolls of teleportation {unknown}
 k - 2 scrolls of identify {unknown}
 l - a scroll of noise {unknown}
 m - a scroll of immolation {unknown}
Potions
 c - 2 potions of might {unknown}
 f - a potion of haste {unknown}
 g - 2 potions of brilliance {unknown}
 j - a potion of lignification {unknown}


   Skills:
 - Level 1.1 Fighting
 - Level 0.8 Short Blades
 - Level 0.5 Axes
 - Level 2.0 Dodging
 + Level 3.1 Stealth
 + Level 3.6 Spellcasting
 + Level 1.4 Transmutations
 + Level 4.1 Earth Magic


You had 6 spell levels left.
You knew the following spells:

 Your Spells              Type           Power      Damage    Failure   Level
a - Sandblast             Erth           38%        2d10      2%          1
p - Petrify               Tmut/Erth      13%        N/A       41%         4

Your spell library contained the following spells:

 Spells                   Type           Power      Damage    Failure   Level
 Passwall                 Tmut/Erth      10%        N/A       7%          2
 Stone Arrow              Conj/Erth      22%        3d8       19%         3


Dungeon Overview and Level Annotations

Branches:
Dungeon (3/15)

Altars:


Innate Abilities, Weirdness & Mutations

You cannot wear most types of armour.
You are amphibious.
You can wear up to eight rings at the same time.
Your skin changes colour to match your surroundings (Stealth+).
Your rubbery body absorbs attacks. (AC +1, EV +1)
((You are camouflaged when in or above water. (Stealth+)))
You have tentacles for arms and can constrict up to eight enemies at once.


Message History

You feel yourself slow down.
You open the door.
A hobgoblin comes into view.
A hobgoblin is nearby!
A hobgoblin is nearby!
A hobgoblin is nearby!
There is an open door here.
The helpless hobgoblin fails to defend itself.
You slash the hobgoblin! You burn the hobgoblin.
You kill the hobgoblin!
No target in view!
You open the door.
There is an open door here.
You open the door.
A goblin, a rat and 3 gnolls come into view.
Found five items.
Found 24 stones and 21 sling bullets.
The gnoll shouts! x2
There is an open door here.
You barely miss the gnoll.
The goblin shouts!
Your grab misses the gnoll. You slash the gnoll! You burn the gnoll.
The gnoll closely misses you. The gnoll misses you.
The gnoll barely misses you.
There are monsters nearby!
You closely miss the gnoll. You grab the gnoll. You squeeze the gnoll.
You kill the gnoll!
You hit the gnoll. You burn the gnoll. The gnoll hits you with a +0 flail.
The gnoll barely misses you. The goblin hits you with a +0 club.
The gnoll hits you from afar with a +0 spear!
The gnoll barely misses you.
You closely miss the gnoll. Your grab misses the gnoll.
The gnoll is lightly wounded.
You closely miss the goblin. The goblin hits you with a +0 club.
The gnoll hits you with a +0 flail!
* * * LOW HITPOINT WARNING * * *
The gnoll barely misses you. The goblin hits you with a +0 club.
* * * LOW HITPOINT WARNING * * *
The gnoll hits you with a +0 flail!
You die...

#....##..##.# #
####....'....#.#####
##..##..##....#......
#....'#####..########
#....##(?$##'#..##
##..##.....##..).#
##'##.......+(...#
##..##g..8...##..##
#....@gr.....##'##
#†...##g....##..##
##..#'##([[##....#
####..#####'....#
#...)##.)##..##
#...))....####
##..##....#
######).## ####


You could see 2 gnolls, a goblin and a rat.

Vanquished Creatures
  An orc priest (D:2)
  2 adders (D:2)
  4 gnolls (D:3)
  A worm (D:3)
  3 orcs
  6 endoplasms
  6 giant cockroaches
  5 goblins
  4 hobgoblins
  2 jackals (D:2)
  6 kobolds
  5 quokkas
  8 ball pythons
  6 bats
  5 frilled lizards
  9 rats
73 creatures vanquished.

Notes
Turn   | Place    | Note
-------+----------+-------------------------------------------
     0 | D:1      | Atelerd the Octopode Earth Elementalist began the quest for
                  | the Orb.
     0 | D:1      | Reached XP level 1. HP: 11/11 MP: 3/3
   304 | D:1      | Reached XP level 2. HP: 17/17 MP: 1/5
   831 | D:1      | Reached XP level 3. HP: 21/21 MP: 5/7
  1403 | D:2      | Identified the +6 hand axe "Nanamm" {flame, *Rage rPois
                  | Dex+8}
  1436 | D:2      | Found a faded altar of an unknown god.
  1850 | D:2      | Reached XP level 4. HP: 27/27 MP: 8/8
  2054 | D:2      | Reached skill level 1 in Fighting
  2491 | D:3      | Reached XP level 5. HP: 33/33 MP: 10/10
  2596 | D:3      | Learned a level 4 spell: Petrify
  2655 | D:3      | Reached skill level 4 in Earth Magic
  2772 | D:3      | HP: 1/33 [goblin/+0 club (4)]
  2772 | D:3      | Mangled by a gnoll

Illustrated notes

Levels and vault maps discovered:
D:1:      matt_arrival_grand_opening, layout_loops_corners
D:2:      layout_rooms, shapermc_ecumenical_altar_pompeii
D:3:      minmay_bubble_buster, layout_basic, grunt_ministairs_3,
          minmay_misc_feat_nine_boxes, kennysheep_decorative_pillar

Skill      XL: |  1  2  3  4  5 |
---------------+----------------+-----
Spellcasting   | 3 |  3.6
Fighting       | 1 |  1.1
Earth Magic    | 4 |  4.1
Stealth        | 3 |  3.1
Short Blades   | |  0.8
Axes           | |  0.5
Dodging        | |  2.0
Transmutations | |  1.4

Action                   |  1- 3 |  4- 6 || total
-------------------------+-------+-------++-------
Melee: Unarmed           |     5 |       ||     5
       Constrict         |    15 |     8 ||    23
       Dagger            |    33 |       ||    33
       Tentacles         |     7 |     6 ||    13
       Hand axe          |     7 |    42 ||    49
       Punch             |     1 |     1 ||     2
 Cast: Sandblast         |    29 |     9 ||    38
 Stab: Sleeping          |     6 |    10 ||    16
Armor: Skin              |     2 |     5 ||     7
Dodge: Dodged            |    48 |    49 ||    97
